 Dungeon Crawl Stone Soup version 0.30-a0-365-ge7f957f1db (webtiles) character file.

Game seed: 912040503135206192

134 zero the Conjurer (level 4, -3/25 HPs)
             Began as a Deep Elf Conjurer on Nov 17, 2022.
             Slain by a gnoll
             ... wielding a +0 flail
              (7 damage)
             ... on level 4 of the Dungeon.
             The game lasted 00:02:25 (2474 turns).

zero the Conjurer (Deep Elf Conjurer)               Turns: 2474, Time: 00:02:26

Health: -3/25      AC:  4    Str:  4    XL:     4   Next: 95%
Magic:  0/12       EV: 17    Int: 25    God:
Gold:   252        SH:  0    Dex: 13    Spells: 4/11 levels left

rFire   . . .      SeeInvis .    j - +1 sling (flame)
rCold   . . .      Faith    .    (no shield)
rNeg    . . .      Spirit   .    a - +0 robe
rPois   .          Reflect  .    (no helmet)
rElec   .          Harm     .    (no cloak)
rCorr   .          Rampage  .    n - +1 pair of gloves
Will    .....                    (no boots)
Stlth   ++........               (no amulet)
HPRegen 0.24/turn                i - +4 ring of evasion
MPRegen 0.13/turn                l - ring of flight

@: flying
A: no striking features
a: no special abilities


You were on level 4 of the Dungeon.
You visited 1 branch of the dungeon, and saw 4 of its levels.

You collected 252 gold pieces.

Inventory:

Hand Weapons
 j - a +1 sling of flaming (weapon)
Armour
 a - a +0 robe (worn)
 n - a +1 pair of gloves (worn)
Jewellery
 i - a +4 ring of evasion (left hand)
 l - a ring of flight (right hand)
Scrolls
 c - a scroll of summoning {unknown}
 d - 4 scrolls of teleportation {unknown}
 f - 2 scrolls of enchant weapon {unknown}
 g - 4 scrolls of identify {unknown}
 k - 2 scrolls of fog {unknown}
 m - 2 scrolls of enchant armour {unknown}
 o - 2 scrolls of vulnerability {unknown}
Potions
 b - a potion of magic
 e - 2 potions of might {unknown}
 h - a potion of curing {unknown}
 p - a potion of degeneration {unknown}


   Skills:
 - Level 1.0 Fighting
 + Level 1.7 Ranged Weapons
 + Level 3.2 Dodging
 - Level 3.0 Stealth
 + Level 4.2 Spellcasting
 + Level 5.1 Conjurations
 + Level 0.8 Translocations


You had 4 spell levels left.
You knew the following spells:

 Your Spells              Type           Power      Damage    Failure   Level
a - Magic Dart            Conj           100%       1d8       1%          1
b - Searing Ray           Conj           62%        2d6       1%          2
c - Iskenderun's Mystic   Conj/Tloc      20%        2d6       26%         4

Your spell library contained the following spells:

 Spells                   Type           Power      Damage    Failure   Level
 Dazzling Flash           Conj/Hex       36%        N/A       10%         3
 Fulminant Prism          Conj/Hex       9%         3d7       30%         4
 Airstrike                Air            2%         2d(1-17)  65%         4
 Summon Lightning Spire   Summ/Air       5%         N/A       65%         4
 Lightning Bolt           Conj/Air       9%         1d21      65%         5
 Agony                    Necr           5%         N/A       94%         5
 Silence                  Hex/Air        2%         N/A       94%         5


Dungeon Overview and Level Annotations

Branches:
Dungeon (3/15)

Altars:


Message History

A ball python comes into view.
The searing ray hits the gnoll!
You kill the gnoll!
A ball python comes into view.
The ball python hisses angrily.
The searing ray hits the ball python.
You kill the ball python!
You finish channelling your searing ray.
Casting: Searing Ray (safe; 1% risk of failure)
Confirm with . or Enter, or press ? or * to list all spells.
Aiming: Searing Ray (safe; 1% risk of failure)
Press: ? - help, Shift-Dir - straight line, f - gnoll
Aim: a gnoll, wielding a +0 club (82% to hit)
The searing ray hits the gnoll!
The gnoll is severely wounded.
The searing ray hits the ball python!
You kill the ball python! (Press . to maintain the ray.)
The searing ray hits the gnoll.
The gnoll is almost dead.
The searing ray hits the gnoll.
You kill the gnoll!
You finish channelling your searing ray.
Casting: Searing Ray (safe; 1% risk of failure)
Confirm with . or Enter, or press ? or * to list all spells.
Aiming: Searing Ray (safe; 1% risk of failure)
Press: ? - help, Shift-Dir - straight line, f - gnoll
Aim: a gnoll, wielding a +0 flail (82% to hit)
The searing ray misses the gnoll. (Press . to maintain the ray.)
The gnoll hits you with a +0 flail!
The searing ray hits the gnoll.
The gnoll is heavily wounded.
The gnoll completely misses you.
Without enough magic to sustain it, your searing ray dissipates.
The gnoll hits you with a +0 flail. The gnoll attacks as you move away!
The gnoll hits you with a +0 flail!
* * * LOW HITPOINT WARNING * * *
The gnoll attacks as you move away! The gnoll hits you with a +0 flail!
You die...

#...).# ###.#.#
#.#.# #.#.# #####
#.#.# #
#...####.#.#
.##.####........#.#
...........######.#
.#.)g@.......#
#)#########.# †)
#.. #. .. #


You could see a gnoll.

Vanquished Creatures
  An iguana (D:3)
  3 gnolls (D:4)
  A worm (D:3)
  2 dart slugs
  2 orcs
  6 bats
  7 endoplasms
  A giant cockroach (D:2)
  6 goblins
  5 hobgoblins
  8 jackals
  5 quokkas
  5 ball pythons
  A frilled lizard (D:1)
  4 kobolds
  5 rats
62 creatures vanquished.

Notes
Turn   | Place    | Note
-------+----------+-------------------------------------------
     0 | D:1      | zero the Deep Elf Conjurer began the quest for the Orb.
     0 | D:1      | Reached XP level 1. HP: 10/10 MP: 6/6
   172 | D:1      | Reached XP level 2. HP: 15/15 MP: 6/9
   478 | D:1      | Learned a level 2 spell: Searing Ray
   953 | D:1      | Found a faded altar of an unknown god.
  1050 | D:2      | Reached XP level 3. HP: 19/19 MP: 10/10
  1083 | D:2      | Identified the +6 chain mail "Boomaappona" {rF+}
  1712 | D:3      | Reached skill level 1 in Ranged Weapons
  1712 | D:3      | Reached skill level 5 in Conjurations
  1712 | D:3      | Reached XP level 4. HP: 24/24 MP: 12/12
  1721 | D:3      | Learned a level 4 spell: Iskenderun's Mystic Blast
  2113 | D:3      | Reached skill level 1 in Fighting
  2370 | D:3      | You are sucked into a shaft and drop 1 floor!
  2474 | D:4      | Slain by a gnoll

Illustrated notes

Levels and vault maps discovered:
D:1:      dpeg_arrival_short_road, layout_loops_ring,
          hellmonk_ecumenical_altar_heavens_door
D:2:      layout_loops_ring
D:3:      layout_loops_ring, dk_noncrumbling_3, minmay_box_of_dots
D:4:      layout_loops_ring, tso_altar

Skill      XL: |  1  2  3  4 |
---------------+-------------+-----
Spellcasting   | 4 |  4.2
Ranged Weapons | 1 |  1.7
Dodging        | 3 |  3.2
Stealth        | 3 |  3.0
Conjurations   | 5 |  5.1
Fighting       | 1 |  1.0
Translocations | |  0.8

Action                   |  1- 3 |  4- 6 || total
-------------------------+-------+-------++-------
Melee: Unarmed           |     3 |       ||     3
 Fire: Sling             |    60 |    37 ||    97
 Cast: Magic Dart        |    32 |       ||    32
       Searing Ray       |       |     8 ||     8
Armor: Robe              |     8 |     4 ||    12
Dodge: Dodged            |    29 |    19 ||    48

Table legend: (Time is in decaauts)
 A = Elapsed time spent in this place.
 B = Non-inter-level travel time spent in this place.
 C = Inter-level travel time spent in this place.
 D = Time resting spent in this place.
 E = Time spent auto-exploring this place.
 F = Levels seen in this place.
 G = Mean time per level.
                   A        B        C        D        E       F      G
               +--------+--------+--------+--------+--------+-----+--------+
         Total |   2507 |   2450 |     57 |    275 |   1830 |   4 |  626.8 |
       Dungeon |   2507 |   2450 |     57 |    275 |   1830 |   4 |  626.8 |
               +--------+--------+--------+--------+--------+-----+--------+

Top non-repeatable levels by time:
     D:1: 1045 daAuts
     D:3: 729 daAuts
     D:2: 625 daAuts
     D:4: 107 daAuts
